Map: Frozen Temple

Players

Polt - Winner!

  • Race: Terran Terran

Toodming

  • Race: Zerg Zerg

Event: 2016 WCS Summer Circuit Championship (DH Montreal)

VOD

Have the link to the VOD?

Description

Time

  • Played on: Aug. 13, 2016, 3:06 p.m.
  • Length: 10:21

All games in this series

Show
View Real Time Build Order
Export as new Build Order

Polt Terran - Winner!

Build Orders: Reaper Expand, MMM Bio 

Get SALT Encoding   

  12  0:00  SCV  
  13  0:13  SCV  
  14  0:17  Supply Depot  
  14  0:25  SCV  
  15  0:39  SCV  
  15  0:40  Barracks  
  16  0:43  Refinery  
  16  0:51  SCV  
  17  1:03  SCV  
  18  1:15  SCV  
  19  1:27  Orbital Command  
  19  1:28  Reaper  
  20  1:39  Command Center  
  20  1:49  Barracks  
  20  1:52  SCV  
  21  2:00  Barracks Reactor  
  21  2:02  Supply Depot  
  21  2:06  SCV  
  22  2:14  Refinery  
  22  2:18  SCV  
  23  2:30  SCV  
  24  2:39  Marine x2  
  24  2:40  Barracks Tech Lab  
  24  2:42  SCV, Factory  
  27  2:51  Orbital Command  
  27  2:54  SCV  
  28  3:01  Marine x3  
  28  3:03  Stimpack  
  31  3:06  SCV  
  32  3:17  SCV  
  32  3:18  SCV  
  34  3:22  Marine x3  
  34  3:26  Starport  
  37  3:29  SCV  
  37  3:30  Factory Reactor, SCV  
  39  3:41  SCV  
  40  3:42  SCV  
  40  3:43  Marine x3  
  40  3:46  Supply Depot  
  44  3:52  Supply Depot  
  44  3:55  SCV x2  
  46  4:07  Marine x3, SCV x2  
  51  4:10  Medivac  
  51  4:13  Medivac  
  51  4:15  Supply Depot  
  55  4:19  Factory Reactor, SCV x2  
  55  4:20  Refinery  
  57  4:25  Marine x3  
  60  4:35  SCV x2  
  60  4:36  Engineering Bay x2  
  62  4:43  Marine x3  
  65  4:47  SCV x2  
  65  4:48  Supply Depot  
  65  4:52  Supply Depot  
  66  5:00  Marine x2, SCV x2  
  66  5:05  Terran Infantry Armor Level 1, Terran Infantry Weapons Level 1  
  70  5:07  Factory Tech Lab  
  70  5:10  Marine  
  71  5:16  Starport Reactor  
  71  5:18  Command Center  
  71  5:22  Marine x2  
  71  5:23  SCV x2  
  71  5:28  Marine  
  73  5:32  Siege Tank  
  75  5:40  SCV x2  
  75  5:42  Marine x2  
  79  5:45  Marine  
  75  5:58  Combat Shields  
  75  5:59  Barracks  
  75  6:00  Barracks, SCV  
  75  6:03  SCV, Barracks, Refinery  
  75  6:04  Marine x3  
  77  6:05  Siege Tank  
  83  6:12  Supply Depot, SCV  
  83  6:15  SCV  
  85  6:24  Armory  
  85  6:27  Supply Depot  
  85  6:29  Supply Depot  
  85  6:30  Medivac x2  
  89  6:33  Orbital Command  
  89  6:38  SCV  
  89  6:39  SCV  
  91  6:41  Marine x3  
  91  6:45  Siege Tank  
  97  6:49  Orbital Command  
  97  6:51  SCV x2  
  99  6:55  Barracks Reactor  
  99  6:56  Missile Turret  
  99  7:02  Supply Depot  
  99  7:03  SCV x2  
  99  7:04  Marine x7  
  108  7:15  SCV x3  
  110  7:21  Factory, Siege Tank, Refinery  
  114  7:22  Refinery  
  114  7:30  Marine x7  
  114  7:32  Terran Infantry Weapons Level 2  
  114  7:34  Terran Infantry Armor Level 2  
  121  7:38  Terran Vehicle Weapons Level 1  
  121  7:39  SCV x2  
  121  7:40  SCV  
  120  7:50  Marine x3  
  120  7:51  Marine x5  
  120  7:52  Marine  
  124  7:59  Siege Tank  
  124  8:05  SCV x3  
  128  8:10  Supply Depot  
  128  8:11  Factory Tech Lab, Supply Depot x2  
  128  8:12  Supply Depot  
  128  8:28  Marine x5  
  128  8:32  Marine x4, Medivac x2  
  128  8:33  Supply Depot  
  128  8:34  Supply Depot  
  141  8:41  Command Center  
  141  8:46  Supply Depot, Marine x5  
  146  8:49  Marine x3, Siege Tank  
  146  8:50  Siege Tank, Marauder  
  143  9:13  Marine x2  
  143  9:14  Marine x6, Marauder  
  115  9:31  Marine x6  
  115  9:32  Marine x2  
  115  9:35  Marauder  
  103  9:49  Marine  
Show
View Real Time Build Order
Export as new Build Order

Toodming Zerg 

Build Orders: Hatch First 

Get SALT Encoding   

  12  0:01  Drone  
  13  0:12  Overlord  
  13  0:17  Drone  
  14  0:32  Drone x2  
  14  0:34  Drone  
  17  0:52  Hatchery  
  17  0:54  Drone  
  17  0:58  Drone  
  18  1:08  Extractor  
  17  1:13  Spawning Pool  
  17  1:15  Drone  
  17  1:18  Drone  
  18  1:32  Drone  
  19  1:43  Overlord  
  19  1:59  Queen  
  19  2:00  Zergling x2  
  22  2:02  Zergling x2  
  22  2:03  Queen  
  22  2:04  Zergling x2  
  26  2:08  Metabolic Boost  
  26  2:13  Drone  
  26  2:15  Drone  
  29  2:22  Drone  
  29  2:26  Drone  
  30  2:33  Drone  
  30  2:35  Queen  
  32  2:43  Drone, Overlord  
  33  2:47  Pneumatized Carapace  
  33  2:52  Drone  
  33  2:54  Drone  
  35  3:02  Overlord  
  35  3:07  Drone x2  
  35  3:08  Drone  
  35  3:11  Drone x2  
  40  3:15  Drone x2  
  40  3:18  Drone  
  43  3:21  Drone  
  45  3:27  Drone  
  45  3:42  Hatchery  
  45  3:47  Roach Warren  
  43  3:48  Drone  
  43  3:49  Drone x3  
  43  3:50  Overlord  
  48  3:55  Drone x2  
  48  3:56  Drone  
  48  3:59  Overlord  
  50  4:10  Drone  
  50  4:12  Lair  
  50  4:13  Extractor  
  50  4:14  Extractor x2  
  50  4:16  Overlord  
  48  4:17  Overlord  
  48  4:18  Drone  
  48  4:20  Drone x2  
  51  4:29  Roach  
  51  4:30  Roach x3  
  59  4:38  Drone x2  
  60  4:45  Evolution Chamber  
  60  4:47  Roach x2, Spore Crawler  
  60  4:50  Roach x2  
  60  4:51  Roach  
  68  4:55  Roach  
  71  5:03  Roach  
  75  5:07  Drone x2  
  75  5:09  Roach  
  75  5:10  Spore Crawler  
  78  5:19  Roach x2  
  80  5:21  Glial Reconstitution  
  80  5:27  Roach  
  80  5:28  Roach x2  
  78  5:34  Zerg Ground Armor Level 1  
  78  5:35  Evolution Chamber  
  75  5:38  Overlord  
  71  5:45  Drone, Roach x2  
  71  5:47  Roach  
  71  5:48  Roach  
  69  5:59  Drone x2  
  71  6:04  Zerg Missile Weapons Level 1  
  71  6:14  Overlord x2  
  71  6:18  Drone  
  71  6:23  Drone x2  
  72  6:26  Queen  
  72  6:28  Hatchery  
  73  6:35  Drone x5  
  78  6:41  Roach x2  
  82  6:55  Ravager x3  
  82  6:56  Overlord x3  
  85  7:06  Overlord, Roach x3  
  85  7:07  Overlord  
  91  7:20  Roach x2  
  95  7:25  Spore Crawler  
  94  7:36  Zerg Ground Armor Level 2  
  94  7:38  Roach x2  
  94  7:39  Roach x4  
  94  7:40  Roach  
  105  7:49  Roach  
  105  7:50  Roach x3  
  100  7:52  Roach  
  100  7:58  Roach x2  
  101  8:09  Roach  
  101  8:10  Roach x5  
  113  8:13  Overseer  
  113  8:21  Drone  
  113  8:25  Roach  
  113  8:26  Roach x3  
  122  8:31  Ravager  
  122  8:32  Ravager x3  
  126  8:46  Roach  
  126  8:47  Roach x5  
  138  8:49  Overlord  
  138  8:50  Overlord  
  138  9:10  Roach x6  
  140  9:23  Roach x6  
  134  9:26  Roach  
  134  9:27  Roach  
  110  9:51  Roach x2  
  106  10:01  Roach x2  
  106  10:02  Ravager x3  
  106  10:04  Ravager  
Tags
 
Add a new tag
Caveats
  • Supply blocks, unpowered buildings, or Contaminate may cause inaccurate times.
  • Supply counts are checked every 10 seconds.